 Dungeon Crawl Stone Soup version 0.28.0-53-g5a82cb258f (webtiles) character file.

Game seed: 14593589499091157819

80 Infinimo the Cudgeller (level 4, -1/48 HPs)
             Began as an Ogre Gladiator on June 3, 2022.
             Succumbed to an adder's poison
             ... on level 2 of the Dungeon.
             The game lasted 00:01:38 (2048 turns).

Infinimo the Cudgeller (Ogre Gladiator)             Turns: 2048, Time: 00:01:39

Health: -1/48      AC:  3    Str: 20    XL:     4   Next: 39%
Magic:  4/4        EV: 10    Int:  9    God:
Gold:   29         SH:  0    Dex: 10    Spells: 3/3 levels left

rFire   . . .      SeeInvis .   a - +0 flail
rCold   . . .      Faith    .   (no shield)
rNeg    . . .      Spirit   .   b - +0 robe
rPois   .          Reflect  .   c - +0 hat
rElec   .          Harm     .   (no cloak)
rCorr   .          Rampage  .   (gloves unavailable)
Will    .....                   (boots unavailable)
Stlth   +.........              (no amulet)
HPRegen 0.16/turn               (no ring)
MPRegen 0.09/turn               (no ring)

@: lethally poisoned (-1 -> -5)
A: large, unfitting armour, tough skin 1
a: no special abilities


You were on level 2 of the Dungeon.
You visited 1 branch of the dungeon, and saw 2 of its levels.

You collected 29 gold pieces.

Inventory:

Hand Weapons
 a - a +0 flail (weapon)
Missiles
 d - 3 throwing nets (quivered)
Armour
 b - a +0 robe (worn)
 c - a +0 hat (worn)
Scrolls
 e - a scroll of identify {unknown}
 f - a scroll of vulnerability {unknown}
 g - a scroll of fear {unknown}


   Skills:
 + Level 3.7 Fighting
 * Level 3.8 Maces & Flails
 - Level 2.0 Throwing
 + Level 3.2 Dodging


You had 3 spell levels left.
You didn't know any spells.
Your spell library was empty.

Dungeon Overview and Level Annotations

Branches:
Dungeon (2/15)

Altars:


Innate Abilities, Weirdness & Mutations

You are too large for most types of armour.
You have tough skin. (AC +1)


Message History

The adder bites you.
You are more poisoned.
The adder poisons you! The adder bites you.
You are too injured to fight recklessly!
You are too injured to fight recklessly!
You are too injured to fight recklessly!
You are too injured to fight recklessly!
Unknown command.
You are too injured to fight recklessly!
You are too injured to fight recklessly!
Unknown command.
You are too injured to fight recklessly!
You are too injured to fight recklessly!
You closely miss the adder.
The adder is heavily wounded.
You feel very sick. The adder bites you but does no damage.
You miss the adder.
The adder is heavily wounded.
You feel sick. The adder closely misses you. The adder bites you.
* * * LOW HITPOINT WARNING * * *
You aren't carrying any potions.
You completely miss the adder.
The adder is heavily wounded.
* * * LOW HITPOINT WARNING * * *
You feel very sick. The adder misses you.
You miss the adder.
The adder is heavily wounded.
* * * LOW HITPOINT WARNING * * *
You feel sick. The adder bites you but does no damage. The adder bites you.
* * * LOW HITPOINT WARNING * * *
You closely miss the adder. Your punch misses the adder.
The adder is heavily wounded.
* * * LOW HITPOINT WARNING * * *
You feel sick. The adder bites you.
* * * LOW HITPOINT WARNING * * *
You miss the adder.
The adder is heavily wounded.
You die...

##########)##
............#
#############
##########
.........
.....$S.# .> #@#
#.# #.# #.# #.#
#.# #.# # #.# #.#
# #.# #.# #
#.######.# #
#........#
##.######.########


You could see an adder.

Vanquished Creatures
  4 adders (D:2)
  A dart slug (D:1)
  4 bats
  6 endoplasms
  2 giant cockroaches
  4 goblins
  3 hobgoblins
  3 kobolds (D:1)
  7 ball pythons
  3 frilled lizards
  A rat (D:1)
38 creatures vanquished.

Notes
Turn   | Place    | Note
-------+----------+-------------------------------------------
     0 | D:1      | Infinimo the Ogre Gladiator began the quest for the Orb.
     0 | D:1      | Reached XP level 1. HP: 22/22 MP: 1/1
   278 | D:1      | Reached XP level 2. HP: 22/29 MP: 2/2
   701 | D:1      | Reached XP level 3. HP: 26/37 MP: 3/3
  1329 | D:2      | Reached XP level 4. HP: 20/46 MP: 4/4
  2047 | D:2      | HP: 1/48 [adder (3)]
  2048 | D:2      | Succumbed to an adder's poison

Illustrated notes

Levels and vault maps discovered:
D:1:      minmay_arrival_three_doors, layout_basic
D:2:      layout_basic, nicolae_concentric_dashed_squares_mild,
          minmay_tetromino_s2

Skill      XL: |  1  2 |
---------------+-------+-----
Fighting       | 3 |  3.7
Maces & Flails | 3 |  3.8
Dodging        | 3 |  3.2
Throwing       | |  2.0

Action                   |  1- 3 |  4- 6 || total
-------------------------+-------+-------++-------
Melee: Flail             |    76 |    47 ||   123
       Punch             |     1 |       ||     1
 Stab: Sleeping          |     1 |     1 ||     2
Armor: Robe              |    23 |    15 ||    38
Dodge: Dodged            |    43 |    19 ||    62
